 Dungeon Sprint DCSS version 0.21.0-3-g78d12a8 (webtiles) character file.

1136 sanboga the Fighter (level 8, -6/60 HPs)
             Began as a Gargoyle Berserker on Jan 10, 2018.
             Was an Elder of Trog.
             Mangled by a tyrant leech (21 damage)
             ... in the Dungeon (Sprint II: "The Violet Keep of Menkaure").
             The game lasted 00:05:54 (528 turns).

sanboga the Fighter (Gargoyle Berserker)             Turns: 528, Time: 00:05:55

Health: -6/60      AC: 17    Str: 24    XL:     8   Next: 36%
Magic:  8/8        EV: 10    Int:  7    God:    Trog [****..]
Gold:   48         SH:  0    Dex:  9    Spells: 7/7 levels left

rFire    + . .     SeeInvis .   b - +1 mace (drain)
rCold    . . .     Gourm    .   (no shield)
rNeg     + . .     Faith    .   j - +2 chain mail {rF+}
rPois    ∞         Spirit   .   (no helmet)
rElec    +         Reflect  .   (no cloak)
rCorr    .         Harm     .   (no gloves)
MR       .....     NoTele   +   (no boots)
Stlth    ..........             (no amulet)
HPRegen  0.20/turn              (no ring)
MPRegen  0.11/turn              (no ring)

@: berserk cooldown, slowed, very slow
A: negative energy resistance 1, electricity resistance, unbreathing,
petrification resistance, rot immunity, MP-powered wands, AC +5
a: Berserk, Trog's Hand, Brothers in Arms, Burn Spellbooks, Renounce Religion


You were in the Dungeon.
You worshipped Trog.
Trog was greatly pleased with you.
You were not hungry.

You visited 1 branch You collected 729 gold pieces.
You spent 681 gold pieces at shops.

Inventory:

Hand Weapons
 b - a +1 mace of draining (weapon)
Armour
 j - a +2 chain mail of fire resistance (worn)
Scrolls
 i - a scroll of blinking
Potions
 d - a potion of curing
 f - a potion of haste
 g - 2 potions of magic
 h - a potion of berserk rage
Comestibles
 c - 6 rations


   Skills:
 + Level 12.3 Fighting
   Level 10.6 Axes
 + Level 1.3(7.5) Maces & Flails
 + Level 6.5 Armour
 + Level 5.4 Dodging
 + Level 0.2 Stealth


You had 7 spell levels left.
You didn't know any spells.

Dungeon Overview and Level Annotations

Branches:
Dungeon (1/1)

Altars:

Shops:
D (?:}[%:?=!![%[=(

Annotations:
D exclusions: obsidian statue and oklob plant


Innate Abilities, Weirdness & Mutations

You are resistant to torment.
Your stone body is resilient. (AC +5)
You are immune to poison.
You resist negative energy. (rN+)
You are resistant to electric shocks. (rElec)
You can survive without breathing.
You are immune to petrification.
You are immune to rotting.
You expend magic power (3 MP) to strengthen your wands.


Message History

You barely miss the tyrant leech.
The tyrant leech bites you but does no damage.
You completely miss the tyrant leech.
The tyrant leech bites you but does no damage.
You miss the tyrant leech.
You hit the tyrant leech but do no damage.
The tyrant leech misses you.
You barely miss the tyrant leech. You sock the tyrant leech!
The tyrant leech is lightly wounded.
You are no longer berserk.
You are exhausted.
You feel yourself slow down. The tyrant leech bites you!
* * * LOW HITPOINT WARNING * * *
You feel much better. The tyrant leech bites you!!
* * * LOW HITPOINT WARNING * * *
You hit the tyrant leech.
The tyrant leech is moderately wounded.
The tyrant leech bites you!!
You die...

############≈≈#+++#+++##
###########≈≈≈.........#
##........#≈≈≈≈.##'##..#
##....⌠...#≈≈≈≈##...## # ##
##...∩.∩..#≈≈≈≈#..#..# .#
##..∩.∩.∩.#≈≈####÷#÷### .##
##.∩.∩.∩.∩#≈##.###'###.##..#
##∩.∩...∩.#≈#$..##.###..#..#
##.∩.....∩'≈@# +.<.'##.'..#
##∩.......#≈#w..##.##.#.#....
#▓▓▓▓▓▓▓###≈##.###'###.##....
##$HF######≈≈####.#.####≈≈..§


#!FH#aa ##≈≈≈#..##.# ≈≈≈≈≈≈ #∩PH+a.#+ #+#≈##..###≈≈§≈§≈§ #$.$#)##z#
#≈≈##'##≈§≈≈≈≈≈§ #?..###zz≈ ##≈≈≈≈≈§≈§≈§≈§§§ ##+###zzz≈ #+++#+++#§§§≈ You could
see a tyrant leech.

Vanquished Creatures
  A tyrant leech (D)
  4 neqoxecs (D)
  4 necrophages (D)
  A crocodile (D)
  2 worms (D)
12 creatures vanquished.

Vanquished Creatures (others)
  Menkaure (D)
  A crocodile (D)
  A worm (D)
3 creatures vanquished.

Grand Total: 15 creatures vanquished

Notes
Turn   | Place    | Note
-------+----------+-------------------------------------------
     0 | D        | sanboga the Gargoyle Berserker began the quest for the Orb.
     0 | D        | Reached XP level 1. HP: 14/14 MP: 1/1
     1 | D        | Noticed a necrophage
     1 | D        | Noticed a necrophage
     1 | D        | Noticed a necrophage
     1 | D        | Noticed a necrophage
     6 | D        | Killed a necrophage
     6 | D        | Reached skill level 6 in Fighting
     6 | D        | Reached skill level 5 in Axes
     6 | D        | Reached XP level 2. HP: 23/23 MP: 2/2
     6 | D        | Reached XP level 3. HP: 28/28 MP: 3/3
     6 | D        | Reached XP level 4. HP: 32/32 MP: 4/4
    13 | D        | Killed a necrophage
    13 | D        | Reached skill level 8 in Fighting
    13 | D        | Reached XP level 5. HP: 31/39 MP: 5/5
    15 | D        | Killed a necrophage
    15 | D        | Reached ** piety under Trog
    15 | D        | Reached skill level 9 in Fighting
    15 | D        | Reached XP level 6. HP: 34/46 MP: 6/6
    18 | D        | Killed a necrophage
    18 | D        | Reached skill level 5 in Armour
   134 | D        | Killed Menkaure
   177 | D        | Reached skill level 10 in Fighting
   179 | D        | Found Tauq's Jewellery Shoppe.
   179 | D        | Found Musi's Antique Weapon Emporium.
   180 | D        | Found Ycaeture's Food Emporium.
   180 | D        | Found Yfajeot's Antique Armour Shoppe.
   181 | D        | Found Luem's Distillery.
   181 | D        | Found Teneostre's Antique Armour Emporium.
   182 | D        | Found Hoprubb's Distillery.
   183 | D        | Found Feleoh's Jewellery Shoppe.
   183 | D        | Found Cischit's Magic Scroll Emporium.
   184 | D        | Found Nuef's Book Shoppe.
   184 | D        | Found Vodokh's Food Emporium.
   184 | D        | Noticed a spiny frog
   185 | D        | Noticed a hippogriff
   213 | D        | Noticed a tyrant leech
   213 | D        | Noticed a tyrant leech
   255 | D        | Reached *** piety under Trog
   262 | D        | Noticed an obsidian statue
   284 | D        | Noticed a neqoxec
   294 | D        | Killed a neqoxec
   294 | D        | Reached XP level 7. HP: 53/53 MP: 7/7
   357 | D        | Noticed a neqoxec
   357 | D        | Noticed a neqoxec
   358 | D        | Noticed a neqoxec
   362 | D        | Gained mutation: You expend magic power (3 MP) to strengthen your wands. [a neqoxec]
   366 | D        | Killed a neqoxec
   366 | D        | Reached skill level 11 in Fighting
   373 | D        | Killed a neqoxec
   373 | D        | Reached **** piety under Trog
   373 | D        | Reached skill level 10 in Axes
   373 | D        | Reached skill level 5 in Dodging
   375 | D        | Killed a neqoxec
   375 | D        | Reached XP level 8. HP: 60/60 MP: 8/8
   409 | D        | Noticed a hippogriff
   410 | D        | Found Neghiuwa's Antique Armour Shoppe.
   410 | D        | Found Jekkuogg's Gadget Emporium.
   410 | D        | Noticed an oklob plant
   411 | D        | Noticed a hippogriff
   411 | D        | Found Buekio's Magic Scroll Shoppe.
   411 | D        | Found Tiechaxaho's Weapon Emporium.
   411 | D        | Found Ysucsac's Book Shoppe.
   411 | D        | Noticed a spiny frog
   416 | D        | Bought a shiny chain mail for 135 gold pieces
   441 | D        | Bought a runed mace for 186 gold pieces
   447 | D        | Noticed a flying skull
   449 | D        | Noticed a flying skull
   451 | D        | Noticed a flying skull
   483 | D        | Noticed a flying skull
   483 | D        | Noticed a flying skull
   483 | D        | Noticed a flying skull
   484 | D        | Noticed a flying skull
   491 | D        | Bought a ration for 60 gold pieces
   491 | D        | Bought a ration for 60 gold pieces
   491 | D        | Bought a ration for 60 gold pieces
   491 | D        | Bought a ration for 60 gold pieces
   491 | D        | Bought a ration for 60 gold pieces
   491 | D        | Bought a ration for 60 gold pieces
   520 | D        | Killed a tyrant leech
   520 | D        | Reached skill level 12 in Fighting
   520 | D        | Reached skill level 1 in Maces & Flails
   528 | D        | Mangled by a tyrant leech

Skill      XL: |  1  2  3  4  5  6  7  8 |
---------------+-------------------------+-----
Fighting       | 6 8 9 10 11 12 | 12.3
Axes           | 5 6 7 9 10 | 10.6
Armour         | 3 4 5 6 |  6.5
Dodging        | 2 3 4 5 |  5.4
Maces & Flails | 1 |  1.3
Stealth        | |  0.2

Action                   |  1- 3 |  4- 6 |  7- 9 || total
-------------------------+-------+-------+-------++-------
Melee: Hand axe          |     4 |    38 |    16 ||    58
       Mace              |       |       |    21 ||    21
Invok: Berserk           |     1 |     2 |     2 ||     5
  Use: Potion            |       |       |     1 ||     1
  Eat: Ration            |       |       |     1 ||     1
       Chunk             |       |       |     1 ||     1
Armor: Animal skin       |       |     3 |       ||     3
       Chain mail        |       |       |     6 ||     6
Dodge: Dodged            |       |    15 |    13 ||    28
